Flyers vs Penguins

Created - 14 novembre 2018 at 15:16

Goals
1 2 3 T
Flyers 1 1 0 2
Penguins 2 1 0 3
Shots
1 2 3 T
Flyers 10 9 13 32
Penguins 10 14 5 29

1st period

1. Penguins , David Perron 4 (Evgeni Malkin 8, Mark Giordano 3) at 0:22
2. Penguins , Vladimir Tarasenko 6 (Olli Maatta 3, Clayton Keller 6) at 1:04
3. Flyers , Alexander Killorn 5 (Nikita Zaitsev 4, Mathew Barzal 6) at 6:56

Penalties :
Jonathan Ericsson (PHI) for Hooking (Minor) at 18:07

2nd period

4. Flyers , Alexander Killorn 6 (Jonathan Ericsson 6) at 3:02
5. Penguins , David Perron 5 (Evgeni Malkin 9, Ryan Ellis 9) at 9:13

Penalties :
No Penalty

3rd period

No Goal

Penalties :
Evgeni Malkin (PIT) for Roughing (Minor) at 0:49, David Savard (PIT) for Tripping (Minor) at 8:18, David Savard (PIT) for Boarding (Minor) at 11:09

Goalie Stats

Steve Mason (PHI), 26 saves from 29 shots - (0.897), L, 0-3-0, 59:34 minutes
Connor Hellebuyck (PIT), 30 saves from 32 shots - (0.938), W, 11-3-0, 60:00 minutes

Players Stats for Flyers

Player Name              G  A  P  +/- PIM S  H  SB GA TA FO     MP     PP MP  PK MP  
------------------------------------------------------------------------------------
Alexander Killorn        2  0  2   1  0   4  2  0  0  0  2/2    20:27   2:42   0:14 
Andre Burakovsky         0  0  0  -1  0   0  0  0  0  0  0/0    12:22   0:39   0:00 
Andrew MacDonald         0  0  0   1  0   0  0  2  0  0  0/0    19:47   0:00   1:10 
Anthony Beauvillier      0  0  0  -1  0   1  1  0  0  0  1/2    15:11   2:36   0:14 
Ben Hutton               0  0  0  -1  0   1  0  1  0  0  0/0    13:30   0:00   0:26 
Brandon Saad             0  0  0   0  0   5  0  0  0  0  0/1    18:19   3:06   0:00 
Calle Jarnkrok           0  0  0   0  0   5  3  0  0  0  1/3    19:14   3:24   0:32 
Casey Cizikas            0  0  0  -1  0   0  1  0  0  0  13/15   8:50   0:00   1:13 
Damon Severson           0  0  0  -1  0   2  1  3  0  0  0/0    23:28   2:51   0:14 
Dylan Strome             0  0  0  -1  0   2  0  0  0  0  9/16   13:55   2:12   0:00 
Jonathan Ericsson        0  1  1   1  2   1  4  0  0  0  0/0    19:15   0:39   0:00 
Jori Lehtera             0  0  0  -1  0   0  1  0  0  0  0/0     8:45   0:00   1:13 
Mathew Barzal            0  1  1   1  0   4  1  0  0  0  12/20  20:22   2:51   0:00 
Matt Benning             0  0  0  -1  0   1  0  1  0  0  0/0    17:25   3:06   1:15 
Mattias Janmark          0  0  0  -1  0   1  0  0  0  0  0/0     8:04   0:00   0:32 
Nico Hischier            0  0  0   0  0   3  2  0  0  0  18/23  18:24   3:06   0:00 
Nikita Zaitsev           0  1  1  -1  0   1  5  1  0  0  0/0    20:38   0:00   0:53 
Thomas Vanek             0  0  0   1  0   1  1  0  0  0  0/0    20:04   2:33   0:00 

Players Stats for Penguins

Player Name              G  A  P  +/- PIM S  H  SB GA TA FO     MP     PP MP  PK MP  
------------------------------------------------------------------------------------
Adrian Kempe             0  0  0   1  0   1  2  0  0  0  0/0    14:52   0:00   2:20 
Clayton Keller           0  1  1   1  0   1  1  0  0  0  3/16   13:32   0:51   0:09 
Cody Ceci                0  0  0   1  0   1  1  1  0  0  0/0    18:35   1:01   2:24 
Darren Archibald         0  0  0   0  0   0  1  0  0  0  0/0     7:28   0:00   1:31 
David Perron             2  0  2   2  0   6  4  0  0  0  2/4    20:06   1:08   1:31 
David Savard             0  0  0   0  4   1  2  1  0  0  0/0    17:31   0:00   0:41 
Evgeni Malkin            0  2  2   2  2   5  0  0  0  0  12/25  18:34   1:08   0:00 
Kevin Labanc             0  0  0   0  0   0  0  0  0  0  0/1     5:57   0:00   0:00 
Mark Giordano            0  1  1   0  0   1  2  2  0  0  0/0    23:52   0:58   2:52 
Nathan MacKinnon         0  0  0  -2  0   3  1  0  0  0  7/18   16:08   0:00   0:00 
Nikita Kucherov          0  0  0   2  0   3  0  0  0  0  0/1    21:28   1:08   2:53 
Olli Maatta              0  1  1   1  0   0  2  1  0  0  0/0    15:44   0:00   0:40 
Phil Kessel              0  0  0  -2  0   4  0  0  0  0  0/2    16:59   0:51   0:00 
Ryan Ellis               0  1  1   0  0   0  2  3  0  0  0/0    21:04   1:01   3:05 
Ryan Suter               0  0  0   0  0   0  2  5  0  0  0/0    23:12   0:58   2:12 
Sebastian Aho            0  0  0  -2  0   2  1  0  0  0  1/2    16:59   0:51   0:00 
Tim Schaller             0  0  0   0  0   0  0  0  0  0  1/10    9:27   0:00   3:30 
Vladimir Tarasenko       1  0  1   1  0   1  2  0  0  0  0/3    12:32   0:00   0:00 

3 Stars

1 - David Perron (PIT)
2 - Alexander Killorn (PHI)
3 - Vladimir Tarasenko (PIT)

Power Play

Flyers - 0 on 3 Attempt(s) - 0.00%
Penguins - 0 on 1 Attempt(s) - 0.00%

Penalty Kill

Flyers - 1 on 1 Attempt(s) - 100.00% - Score 0 goal in Penalty Kill
Penguins - 3 on 3 Attempt(s) - 100.00% - Score 0 goal in Penalty Kill

Team Stat

Flyers - Hits : 22 - Faceoff Wins : 56 - Blocked Shots : 8 - Penalty Minutes : 2
Penguins - Hits : 23 - Faceoff Wins : 26 - Blocked Shots : 13 - Penalty Minutes : 6

Official

Referees : Eric Furlatt and Mike Hasenfratz
Linesman : Jonny Murray and Tim Nowak

Game Notes

No Game Note

Finance

Level 1 -- Attendance: 6480 (99.69%) -- Ticket Income 745 200 $
Level 2 -- Attendance: 4714 (94.28%) -- Ticket Income 400 690 $
Level 3 -- Attendance: 2692 (76.91%) -- Ticket Income 180 364 $
Level 4 -- Attendance: 1992 (83.45%) -- Ticket Income 105 576 $
Luxury Box -- Attendance: 741 (74.10%) -- Ticket Income 174 135 $
Game was played at the Consol Energy Center.
Total Attendance: 16619 (90.38%)
Total Ticket Income: 1 605 965 $
Other Income: 786 923 $
Total Income: 2 392 888 $

% Time on Ice - Flyers

Lines # - Real PCT - Wanted PCT - Time Play
Normal Forward
1 - 34% - 35% - 17:31
2 - 29% - 30% - 14:40
3 - 23% - 23% - 11:43
4 - 15% - 12% - 7:32
Normal Defense
1 - 38% - 42% - 19:45
2 - 35% - 34% - 18:13
3 - 25% - 24% - 13:04
4 - 1% - 0% - 0:24
PP Forward
1 - 48% - 60% - 2:51
2 - 52% - 40% - 3:06
PP Defense
1 - 48% - 60% - 2:51
2 - 52% - 40% - 3:06
PK Forward
1 - 73% - 60% - 1:27
2 - 27% - 40% - 0:32
PK Defense
1 - 15% - 50% - 0:18
2 - 85% - 50% - 1:41
PK3 Forward
1 - 0% - 60%
2 - 0% - 40%
PK3 Defense
1 - 0% - 60%
2 - 0% - 40%
44 Forward
1 - 0% - 60%
2 - 0% - 40%
44 Defense
1 - 0% - 60%
2 - 0% - 40%
Last Minute Offensive  - 0:38
Last Minute Defensive  - 0:00
Total
Forward - 60:00
Defense - 60:00

% Time on Ice - Penguins

Lines # - Real PCT - Wanted PCT - Time Play
Normal Forward
1 - 32% - 37% - 16:29
2 - 32% - 35% - 16:08
3 - 25% - 20% - 12:32
4 - 12% - 8% - 5:57
Normal Defense
1 - 39% - 40% - 20:02
2 - 33% - 35% - 16:52
3 - 27% - 25% - 13:56
4 - 1% - 0% - 0:16
PP Forward
1 - 57% - 60% - 1:08
2 - 43% - 40% - 0:51
PP Defense
1 - 49% - 60% - 0:58
2 - 51% - 40% - 1:01
PK Forward
1 - 75% - 60% - 4:26
2 - 25% - 40% - 1:31
PK Defense
1 - 63% - 60% - 3:45
2 - 37% - 40% - 2:12
PK3 Forward
1 - 0% - 60%
2 - 0% - 40%
PK3 Defense
1 - 0% - 60%
2 - 0% - 40%
44 Forward
1 - 0% - 60%
2 - 0% - 40%
44 Defense
1 - 0% - 60%
2 - 0% - 40%
Last Minute Offensive  - 0:00
Last Minute Defensive  - 0:58
Total
Forward - 60:00
Defense - 60:00

Play-by-Play

1st period


0:01 of 1st period - Evgeni Malkin wins face-off versus Mathew Barzal in neutral zone.
0:20 of 1st period - Shot by Evgeni Malkin.
0:20 of 1st period - Stopped by Steve Mason with a rebound.
0:22 of 1st period - Shot by David Perron.
0:22 of 1st period - Goal by David Perron - Flyers : 0 - Penguins : 1.
0:23 of 1st period - Nathan MacKinnon wins face-off versus Nico Hischier in neutral zone.
0:23 of 1st period - Sebastian Aho is hit by Calle Jarnkrok and loses puck.
0:41 of 1st period - Shot by Brandon Saad.
0:41 of 1st period - Deflect By Calle Jarnkrok.
0:41 of 1st period - Shot Blocked by Ryan Ellis.
0:43 of 1st period - Shot by Calle Jarnkrok.
0:43 of 1st period - Stopped by Connor Hellebuyck with a rebound.
0:45 of 1st period - Shot by Calle Jarnkrok.
0:45 of 1st period - Shot Blocked by Ryan Ellis.
0:49 of 1st period - Shot by Nico Hischier.
0:49 of 1st period - Shot Misses the Net.
0:57 of 1st period - Shot by Nico Hischier.
0:57 of 1st period - Stopped by Connor Hellebuyck without a rebound.
0:58 of 1st period - Clayton Keller wins face-off versus Dylan Strome in Penguins zone.
0:58 of 1st period - Olli Maatta is hit by Anthony Beauvillier.
1:04 of 1st period - Shot by Vladimir Tarasenko.
1:04 of 1st period - Goal by Vladimir Tarasenko - Flyers : 0 - Penguins : 2.
1:05 of 1st period - Dylan Strome wins face-off versus Clayton Keller in neutral zone.
2:23 of 1st period - Shot by Evgeni Malkin.
2:23 of 1st period - Stopped by Steve Mason without a rebound.
2:24 of 1st period - Casey Cizikas wins face-off versus Nathan MacKinnon in Flyers zone.
2:33 of 1st period - Icing by Casey Cizikas.
2:34 of 1st period - Casey Cizikas wins face-off versus Tim Schaller in Flyers zone.
3:02 of 1st period - Shot by Mattias Janmark.
3:02 of 1st period - Shot Misses the Net.
3:12 of 1st period - Shot by David Savard.
3:12 of 1st period - Stopped by Steve Mason without a rebound.
3:13 of 1st period - Nico Hischier wins face-off versus Phil Kessel in Flyers zone.
3:45 of 1st period - Shot by Brandon Saad.
3:45 of 1st period - Shot Blocked by Ryan Suter.
3:50 of 1st period - Icing by Ryan Suter.
3:51 of 1st period - Mathew Barzal wins face-off versus Nathan MacKinnon in Penguins zone.
3:56 of 1st period - Shot by Alexander Killorn.
3:56 of 1st period - Stopped by Connor Hellebuyck without a rebound.
3:57 of 1st period - Evgeni Malkin wins face-off versus Mathew Barzal in Penguins zone.
4:20 of 1st period - Shot by Mathew Barzal.
4:20 of 1st period - Stopped by Connor Hellebuyck without a rebound.
4:21 of 1st period - Nico Hischier wins face-off versus Clayton Keller in Penguins zone.
4:28 of 1st period - Shot by Calle Jarnkrok.
4:28 of 1st period - Stopped by Connor Hellebuyck with a rebound.
4:30 of 1st period - Shot by Nikita Zaitsev.
4:30 of 1st period - Stopped by Connor Hellebuyck without a rebound.
4:31 of 1st period - Nathan MacKinnon wins face-off versus Dylan Strome in Penguins zone.
5:12 of 1st period - Shot by Phil Kessel.
5:12 of 1st period - Deflect By Nathan MacKinnon.
5:12 of 1st period - Stopped by Steve Mason without a rebound.
5:13 of 1st period - Evgeni Malkin wins face-off versus Mathew Barzal in Flyers zone.
5:13 of 1st period - David Perron is hit by Jonathan Ericsson and loses puck.
5:42 of 1st period - Off-side.
5:43 of 1st period - Nico Hischier wins face-off versus Vladimir Tarasenko in neutral zone.
5:48 of 1st period - Shot by Brandon Saad.
5:48 of 1st period - Deflect By Calle Jarnkrok.
5:48 of 1st period - Shot Misses the Net.
6:52 of 1st period - Shot by Alexander Killorn.
6:52 of 1st period - Deflect By Mathew Barzal.
6:52 of 1st period - Shot Blocked by Ryan Suter.
6:54 of 1st period - Shot by Nikita Zaitsev.
6:54 of 1st period - Shot Blocked by Mark Giordano.
6:56 of 1st period - Shot by Alexander Killorn.
6:56 of 1st period - Goal by Alexander Killorn - Flyers : 1 - Penguins : 2.
6:57 of 1st period - Casey Cizikas wins face-off versus Evgeni Malkin in neutral zone.
7:00 of 1st period - Shot by Jori Lehtera.
7:00 of 1st period - Shot Misses the Net.
7:31 of 1st period - Icing by Ryan Ellis.
7:32 of 1st period - Evgeni Malkin wins face-off versus Mathew Barzal in Penguins zone.
8:09 of 1st period - Sebastian Aho is hit by Nikita Zaitsev and loses puck.
8:35 of 1st period - Andre Burakovsky is hit by Mark Giordano and loses puck.
8:46 of 1st period - Shot by Dylan Strome.
8:46 of 1st period - Shot Misses the Net.
9:47 of 1st period - Icing by Olli Maatta.
9:48 of 1st period - Casey Cizikas wins face-off versus Tim Schaller in Penguins zone.
11:07 of 1st period - Shot by Evgeni Malkin.
11:07 of 1st period - Shot Misses the Net.
11:09 of 1st period - Shot by Evgeni Malkin.
11:09 of 1st period - Stopped by Steve Mason without a rebound.
11:10 of 1st period - Nico Hischier wins face-off versus Clayton Keller in Flyers zone.
11:10 of 1st period - Nico Hischier is hit by Vladimir Tarasenko.
11:24 of 1st period - Shot by Nico Hischier.
11:24 of 1st period - Shot Misses the Net.
11:26 of 1st period - Shot by Jonathan Ericsson.
11:26 of 1st period - Stopped by Connor Hellebuyck without a rebound.
11:27 of 1st period - Nathan MacKinnon wins face-off versus Anthony Beauvillier in Penguins zone.
11:42 of 1st period - Shot by Nathan MacKinnon.
11:42 of 1st period - Stopped by Steve Mason without a rebound.
11:43 of 1st period - Nico Hischier wins face-off versus Evgeni Malkin in Flyers zone.
11:43 of 1st period - Nico Hischier is hit by David Perron.
11:58 of 1st period - Nico Hischier is hit by Ryan Suter and loses puck.
12:06 of 1st period - Ryan Suter is hit by Jonathan Ericsson and loses puck.
12:23 of 1st period - Shot by Nico Hischier.
12:23 of 1st period - Shot Misses the Net.
12:49 of 1st period - Icing by Ryan Ellis.
12:50 of 1st period - Mathew Barzal wins face-off versus Clayton Keller in Penguins zone.
13:09 of 1st period - Shot by Mathew Barzal.
13:09 of 1st period - Stopped by Connor Hellebuyck without a rebound.
13:10 of 1st period - Dylan Strome wins face-off versus Nathan MacKinnon in Penguins zone.
13:11 of 1st period - Shot by Anthony Beauvillier.
13:11 of 1st period - Shot Misses the Net.
13:20 of 1st period - Icing by Ben Hutton.
13:21 of 1st period - Dylan Strome wins face-off versus Kevin Labanc in Flyers zone.
13:42 of 1st period - Shot by Andre Burakovsky.
13:42 of 1st period - Deflect By Anthony Beauvillier.
13:42 of 1st period - Shot Hit the Post.
14:12 of 1st period - Damon Severson is hit by Darren Archibald and loses puck.
15:08 of 1st period - Shot by Brandon Saad.
15:08 of 1st period - Stopped by Connor Hellebuyck without a rebound.
15:09 of 1st period - Casey Cizikas wins face-off versus Nathan MacKinnon in Penguins zone.
15:32 of 1st period - Shot by Mattias Janmark.
15:32 of 1st period - Shot Misses the Net.
16:10 of 1st period - Clayton Keller is hit by Calle Jarnkrok.
17:14 of 1st period - Icing by Nikita Zaitsev.
17:15 of 1st period - Evgeni Malkin wins face-off versus Mathew Barzal in Flyers zone.
17:16 of 1st period - Shot by Nikita Kucherov.
17:16 of 1st period - Stopped by Steve Mason without a rebound.
17:17 of 1st period - Dylan Strome wins face-off versus Evgeni Malkin in Flyers zone.
17:17 of 1st period - Dylan Strome is hit by David Perron.
17:20 of 1st period - Icing by Anthony Beauvillier.
17:21 of 1st period - David Perron wins face-off versus Dylan Strome in Flyers zone.
17:24 of 1st period - Shot by Evgeni Malkin.
17:24 of 1st period - Shot Misses the Net.
17:26 of 1st period - Shot by Cody Ceci.
17:26 of 1st period - Shot Blocked by Damon Severson.
17:59 of 1st period - Off-side.
18:00 of 1st period - Nathan MacKinnon wins face-off versus Mathew Barzal in neutral zone.
18:07 of 1st period - Minor Penalty to Jonathan Ericsson for Hooking.
18:08 of 1st period - Casey Cizikas wins face-off versus Clayton Keller in Flyers zone.
18:46 of 1st period - Shot by Clayton Keller.
18:46 of 1st period - Shot Misses the Net.
18:48 of 1st period - Shot by Ryan Suter.
18:48 of 1st period - Shot Misses the Net.
18:50 of 1st period - Shot by Ryan Suter.
18:50 of 1st period - Shot Misses the Net.
18:52 of 1st period - Shot by Mark Giordano.
18:52 of 1st period - Stopped by Steve Mason without a rebound.
18:53 of 1st period - Calle Jarnkrok wins face-off versus Evgeni Malkin in Flyers zone.
19:14 of 1st period - Icing by Nikita Kucherov.
19:15 of 1st period - Evgeni Malkin wins face-off versus Calle Jarnkrok in Penguins zone.
Goals for this period are 1 for Flyers vs 2 for Penguins.
Shots for this period are 10 for Flyers vs 10 for Penguins.

2nd period


0:01 of 2nd period - Casey Cizikas wins face-off versus Evgeni Malkin in neutral zone.
0:23 of 2nd period - Shot by Mathew Barzal.
0:23 of 2nd period - Stopped by Connor Hellebuyck without a rebound.
0:24 of 2nd period - Evgeni Malkin wins face-off versus Nico Hischier in Penguins zone.
0:34 of 2nd period - Evgeni Malkin is hit by Nikita Zaitsev.
0:42 of 2nd period - Shot by David Perron.
0:42 of 2nd period - Stopped by Steve Mason with a rebound.
0:44 of 2nd period - Shot by David Perron.
0:44 of 2nd period - Stopped by Steve Mason with a rebound.
0:55 of 2nd period - Ryan Suter is hit by Nikita Zaitsev and loses puck.
0:58 of 2nd period - Shot by Evgeni Malkin.
0:58 of 2nd period - Stopped by Steve Mason without a rebound.
0:59 of 2nd period - Alexander Killorn wins face-off versus Nathan MacKinnon in Flyers zone.
0:59 of 2nd period - Alexander Killorn is hit by Sebastian Aho.
1:25 of 2nd period - Shot by Phil Kessel.
1:25 of 2nd period - Stopped by Steve Mason without a rebound.
1:26 of 2nd period - Dylan Strome wins face-off versus Vladimir Tarasenko in Flyers zone.
1:36 of 2nd period - Shot by Clayton Keller.
1:36 of 2nd period - Stopped by Steve Mason with a rebound.
3:02 of 2nd period - Shot by Alexander Killorn.
3:02 of 2nd period - Goal by Alexander Killorn - Flyers : 2 - Penguins : 2.
3:03 of 2nd period - Casey Cizikas wins face-off versus Evgeni Malkin in neutral zone.
3:03 of 2nd period - Casey Cizikas is hit by David Perron.
3:33 of 2nd period - Shot by Casey Cizikas.
3:33 of 2nd period - Shot Misses the Net.
3:35 of 2nd period - Shot by Casey Cizikas.
3:35 of 2nd period - Deflect By Mattias Janmark.
3:35 of 2nd period - Stopped by Connor Hellebuyck with a rebound.
4:19 of 2nd period - Shot by Sebastian Aho.
4:19 of 2nd period - Stopped by Steve Mason with a rebound.
5:17 of 2nd period - Shot by Dylan Strome.
5:17 of 2nd period - Stopped by Connor Hellebuyck without a rebound.
5:18 of 2nd period - Nico Hischier wins face-off versus Tim Schaller in Penguins zone.
5:29 of 2nd period - Icing by Jonathan Ericsson.
5:30 of 2nd period - Nico Hischier wins face-off versus Clayton Keller in Flyers zone.
5:55 of 2nd period - Shot by Brandon Saad.
5:55 of 2nd period - Shot Blocked by Ryan Suter.
5:57 of 2nd period - Shot by Jonathan Ericsson.
5:57 of 2nd period - Deflect By Nico Hischier.
5:57 of 2nd period - Stopped by Connor Hellebuyck without a rebound.
5:58 of 2nd period - Dylan Strome wins face-off versus Evgeni Malkin in Penguins zone.
6:15 of 2nd period - David Savard is hit by Damon Severson and loses puck.
6:26 of 2nd period - Shot by Nikita Kucherov.
6:26 of 2nd period - Shot Blocked by Damon Severson.
6:36 of 2nd period - Shot by Nikita Kucherov.
6:36 of 2nd period - Stopped by Steve Mason with a rebound.
7:16 of 2nd period - Icing by Thomas Vanek.
7:17 of 2nd period - Mathew Barzal wins face-off versus Clayton Keller in Flyers zone.
7:24 of 2nd period - Shot by Vladimir Tarasenko.
7:24 of 2nd period - Shot Misses the Net.
7:36 of 2nd period - Adrian Kempe is hit by Alexander Killorn and loses puck.
7:43 of 2nd period - Alexander Killorn is hit by Adrian Kempe.
8:32 of 2nd period - Darren Archibald is hit by Calle Jarnkrok and loses puck.
8:37 of 2nd period - Shot by Brandon Saad.
8:37 of 2nd period - Shot Blocked by Olli Maatta.
8:39 of 2nd period - Shot by Calle Jarnkrok.
8:39 of 2nd period - Stopped by Connor Hellebuyck without a rebound.
8:40 of 2nd period - Casey Cizikas wins face-off versus David Perron in Penguins zone.
8:48 of 2nd period - Evgeni Malkin is hit by Jori Lehtera and loses puck.
9:10 of 2nd period - David Perron is hit by Nikita Zaitsev and loses puck.
9:13 of 2nd period - Shot by David Perron.
9:13 of 2nd period - Goal by David Perron - Flyers : 2 - Penguins : 3.
9:14 of 2nd period - Sebastian Aho wins face-off versus Nico Hischier in neutral zone.
9:14 of 2nd period - Nathan MacKinnon is hit by Nico Hischier.
9:34 of 2nd period - Shot by Sebastian Aho.
9:34 of 2nd period - Shot Blocked by Matt Benning.
9:40 of 2nd period - Shot by Calle Jarnkrok.
9:40 of 2nd period - Shot Misses the Net.
9:42 of 2nd period - Shot by Ben Hutton.
9:42 of 2nd period - Stopped by Connor Hellebuyck without a rebound.
9:43 of 2nd period - Mathew Barzal wins face-off versus Clayton Keller in Penguins zone.
9:44 of 2nd period - Shot by Alexander Killorn.
9:44 of 2nd period - Shot Blocked by Cody Ceci.
9:54 of 2nd period - Alexander Killorn is hit by Vladimir Tarasenko and loses puck.
10:21 of 2nd period - Shot by Vladimir Tarasenko.
10:21 of 2nd period - Shot Misses the Net.
10:39 of 2nd period - Shot by Evgeni Malkin.
10:39 of 2nd period - Stopped by Steve Mason without a rebound.
10:40 of 2nd period - Nathan MacKinnon wins face-off versus Brandon Saad in Flyers zone.
10:54 of 2nd period - Phil Kessel is hit by Nikita Zaitsev and loses puck.
11:30 of 2nd period - Icing by Ryan Suter.
11:31 of 2nd period - Dylan Strome wins face-off versus Nathan MacKinnon in Penguins zone.
11:56 of 2nd period - Shot by Andre Burakovsky.
11:56 of 2nd period - Shot Blocked by Ryan Ellis.
11:58 of 2nd period - Shot by Andre Burakovsky.
11:58 of 2nd period - Shot Misses the Net.
12:00 of 2nd period - Shot by Matt Benning.
12:00 of 2nd period - Stopped by Connor Hellebuyck without a rebound.
12:01 of 2nd period - Mathew Barzal wins face-off versus Clayton Keller in Penguins zone.
12:02 of 2nd period - Shot by Alexander Killorn.
12:02 of 2nd period - Deflect By Mathew Barzal.
12:02 of 2nd period - Shot Misses the Net.
12:59 of 2nd period - David Perron is hit by Jonathan Ericsson and loses puck.
13:05 of 2nd period - Evgeni Malkin is hit by Jonathan Ericsson and loses puck.
13:22 of 2nd period - Shot by David Perron.
13:22 of 2nd period - Stopped by Steve Mason without a rebound.
13:23 of 2nd period - Nico Hischier wins face-off versus Nathan MacKinnon in Flyers zone.
13:32 of 2nd period - Shot by Nico Hischier.
13:32 of 2nd period - Shot Blocked by Ryan Suter.
13:34 of 2nd period - Shot by Damon Severson.
13:34 of 2nd period - Shot Misses the Net.
13:36 of 2nd period - Shot by Nikita Zaitsev.
13:36 of 2nd period - Shot Blocked by Ryan Suter.
14:01 of 2nd period - Shot by Brandon Saad.
14:01 of 2nd period - Shot Blocked by Mark Giordano.
14:10 of 2nd period - Nico Hischier is hit by Nathan MacKinnon and loses puck.
15:17 of 2nd period - Icing by Ben Hutton.
15:18 of 2nd period - Clayton Keller wins face-off versus Dylan Strome in Flyers zone.
15:28 of 2nd period - Shot by Clayton Keller.
15:28 of 2nd period - Shot Misses the Net.
15:30 of 2nd period - Shot by Cody Ceci.
15:30 of 2nd period - Stopped by Steve Mason without a rebound.
15:31 of 2nd period - Casey Cizikas wins face-off versus Tim Schaller in Flyers zone.
15:35 of 2nd period - Off-side.
15:36 of 2nd period - Mathew Barzal wins face-off versus Vladimir Tarasenko in neutral zone.
15:59 of 2nd period - Shot by Clayton Keller.
15:59 of 2nd period - Shot Misses the Net.
16:17 of 2nd period - Shot by Adrian Kempe.
16:17 of 2nd period - Stopped by Steve Mason without a rebound.
16:18 of 2nd period - Evgeni Malkin wins face-off versus Nico Hischier in Flyers zone.
16:29 of 2nd period - Shot by Brandon Saad.
16:29 of 2nd period - Stopped by Connor Hellebuyck without a rebound.
16:30 of 2nd period - Nathan MacKinnon wins face-off versus Casey Cizikas in Penguins zone.
16:30 of 2nd period - Nathan MacKinnon is hit by Casey Cizikas.
16:46 of 2nd period - Shot by Sebastian Aho.
16:46 of 2nd period - Shot Blocked by Andrew MacDonald.
16:48 of 2nd period - Shot by Phil Kessel.
16:48 of 2nd period - Stopped by Steve Mason without a rebound.
16:49 of 2nd period - Nico Hischier wins face-off versus Evgeni Malkin in Flyers zone.
16:53 of 2nd period - Icing by Calle Jarnkrok.
16:54 of 2nd period - Nico Hischier wins face-off versus Evgeni Malkin in Flyers zone.
16:59 of 2nd period - David Savard is hit by Nico Hischier.
17:43 of 2nd period - Icing by Nikita Zaitsev.
17:44 of 2nd period - Nico Hischier wins face-off versus Sebastian Aho in Flyers zone.
18:15 of 2nd period - Shot by Nathan MacKinnon.
18:15 of 2nd period - Deflect By Phil Kessel.
18:15 of 2nd period - Stopped by Steve Mason with a rebound.
18:17 of 2nd period - Shot by Mark Giordano.
18:17 of 2nd period - Shot Misses the Net.
18:19 of 2nd period - Shot by Mark Giordano.
18:19 of 2nd period - Shot Misses the Net.
18:21 of 2nd period - Shot by Ryan Suter.
18:21 of 2nd period - Shot Blocked by Damon Severson.
18:23 of 2nd period - Shot by Phil Kessel.
18:23 of 2nd period - Shot Blocked by Nikita Zaitsev.
18:47 of 2nd period - Shot by Vladimir Tarasenko.
18:47 of 2nd period - Shot Misses the Net.
19:32 of 2nd period - Shot by Mathew Barzal.
19:32 of 2nd period - Shot Misses the Net.
19:56 of 2nd period - Shot by Anthony Beauvillier.
19:56 of 2nd period - Shot Misses the Net.
Goals for this period are 1 for Flyers vs 1 for Penguins.
Shots for this period are 9 for Flyers vs 14 for Penguins.

3rd period


0:01 of 3rd period - Mathew Barzal wins face-off versus Evgeni Malkin in neutral zone.
0:21 of 3rd period - Mathew Barzal is hit by David Savard and loses puck.
0:28 of 3rd period - Shot by Mathew Barzal.
0:28 of 3rd period - Shot Misses the Net.
0:36 of 3rd period - Shot by Mathew Barzal.
0:36 of 3rd period - Shot Misses the Net.
0:41 of 3rd period - Thomas Vanek is hit by Ryan Ellis and loses puck.
0:49 of 3rd period - Minor Penalty to Evgeni Malkin for Roughing.
0:50 of 3rd period - Nico Hischier wins face-off versus Tim Schaller in Penguins zone.
1:01 of 3rd period - Shot by Calle Jarnkrok.
1:01 of 3rd period - Shot Misses the Net.
1:15 of 3rd period - Shot by Matt Benning.
1:15 of 3rd period - Shot Misses the Net.
1:51 of 3rd period - Shot by Anthony Beauvillier.
1:51 of 3rd period - Stopped by Connor Hellebuyck with a rebound.
2:01 of 3rd period - Shot by Damon Severson.
2:01 of 3rd period - Stopped by Connor Hellebuyck without a rebound.
2:02 of 3rd period - Mathew Barzal wins face-off versus Nikita Kucherov in Penguins zone.
2:17 of 3rd period - Shot by Damon Severson.
2:17 of 3rd period - Shot Misses the Net.
2:19 of 3rd period - Shot by Calle Jarnkrok.
2:19 of 3rd period - Stopped by Connor Hellebuyck without a rebound.
2:20 of 3rd period - Anthony Beauvillier wins face-off versus Tim Schaller in Penguins zone.
2:41 of 3rd period - Shot by Brandon Saad.
2:41 of 3rd period - Stopped by Connor Hellebuyck without a rebound.
2:42 of 3rd period - Mathew Barzal wins face-off versus David Perron in Penguins zone.
2:57 of 3rd period - Shot by Mattias Janmark.
2:57 of 3rd period - Deflect By Jori Lehtera.
2:57 of 3rd period - Shot Misses the Net.
3:14 of 3rd period - Icing by Mattias Janmark.
3:15 of 3rd period - Casey Cizikas wins face-off versus Clayton Keller in Flyers zone.
3:17 of 3rd period - Icing by Mattias Janmark.
3:18 of 3rd period - Casey Cizikas wins face-off versus Clayton Keller in Flyers zone.
3:18 of 3rd period - Casey Cizikas is hit by Clayton Keller.
3:35 of 3rd period - Shot by Jori Lehtera.
3:35 of 3rd period - Shot Misses the Net.
3:55 of 3rd period - Ryan Suter is hit by Mathew Barzal and loses puck.
4:04 of 3rd period - Shot by Alexander Killorn.
4:04 of 3rd period - Stopped by Connor Hellebuyck with a rebound.
4:56 of 3rd period - Icing by Ryan Ellis.
4:57 of 3rd period - Nico Hischier wins face-off versus Evgeni Malkin in Penguins zone.
5:23 of 3rd period - Shot by Nico Hischier.
5:23 of 3rd period - Stopped by Connor Hellebuyck without a rebound.
5:24 of 3rd period - Dylan Strome wins face-off versus Nathan MacKinnon in Penguins zone.
5:24 of 3rd period - Anthony Beauvillier is hit by Olli Maatta and loses puck.
5:37 of 3rd period - Shot by Sebastian Aho.
5:37 of 3rd period - Stopped by Steve Mason without a rebound.
5:38 of 3rd period - Mathew Barzal wins face-off versus Tim Schaller in Flyers zone.
5:47 of 3rd period - Shot by Alexander Killorn.
5:47 of 3rd period - Shot Misses the Net.
5:49 of 3rd period - Shot by Alexander Killorn.
5:49 of 3rd period - Shot Misses the Net.
5:51 of 3rd period - Shot by Damon Severson.
5:51 of 3rd period - Stopped by Connor Hellebuyck without a rebound.
5:52 of 3rd period - Nathan MacKinnon wins face-off versus Dylan Strome in Penguins zone.
5:54 of 3rd period - Icing by Sebastian Aho.
5:55 of 3rd period - Alexander Killorn wins face-off versus Phil Kessel in Penguins zone.
6:32 of 3rd period - Shot by Mathew Barzal.
6:32 of 3rd period - Deflect By Alexander Killorn.
6:32 of 3rd period - Shot Misses the Net.
6:54 of 3rd period - Shot by Anthony Beauvillier.
6:54 of 3rd period - Deflect By Dylan Strome.
6:54 of 3rd period - Stopped by Connor Hellebuyck without a rebound.
6:55 of 3rd period - Nico Hischier wins face-off versus Evgeni Malkin in Penguins zone.
6:56 of 3rd period - Shot by Brandon Saad.
6:56 of 3rd period - Stopped by Connor Hellebuyck without a rebound.
6:57 of 3rd period - Evgeni Malkin wins face-off versus Dylan Strome in Penguins zone.
7:06 of 3rd period - Shot by Evgeni Malkin.
7:06 of 3rd period - Shot Blocked by Andrew MacDonald.
7:41 of 3rd period - Icing by Ryan Suter.
7:42 of 3rd period - Mathew Barzal wins face-off versus Evgeni Malkin in Penguins zone.
7:52 of 3rd period - Mathew Barzal is hit by Ryan Suter and loses puck.
8:09 of 3rd period - Shot by Alexander Killorn.
8:09 of 3rd period - Deflect By Thomas Vanek.
8:09 of 3rd period - Shot Misses the Net.
8:11 of 3rd period - Shot by Thomas Vanek.
8:11 of 3rd period - Stopped by Connor Hellebuyck with a rebound.
8:13 of 3rd period - Shot by Mathew Barzal.
8:13 of 3rd period - Stopped by Connor Hellebuyck without a rebound.
8:14 of 3rd period - Nico Hischier wins face-off versus Nathan MacKinnon in Penguins zone.
8:14 of 3rd period - Nico Hischier is hit by David Savard.
8:18 of 3rd period - Shot by Brandon Saad.
8:18 of 3rd period - Stopped by Connor Hellebuyck without a rebound.
8:18 of 3rd period - Minor Penalty to David Savard for Tripping.
8:19 of 3rd period - Nico Hischier wins face-off versus Tim Schaller in Penguins zone.
8:42 of 3rd period - Shot by Calle Jarnkrok.
8:42 of 3rd period - Shot Misses the Net.
8:47 of 3rd period - Brandon Saad is hit by Cody Ceci and loses puck.
10:18 of 3rd period - Shot by Nico Hischier.
10:18 of 3rd period - Shot Blocked by David Savard.
10:36 of 3rd period - Shot by Nathan MacKinnon.
10:36 of 3rd period - Shot Misses the Net.
11:09 of 3rd period - Minor Penalty to David Savard for Boarding.
11:10 of 3rd period - Tim Schaller wins face-off versus Mathew Barzal in Penguins zone.
12:05 of 3rd period - Shot by Brandon Saad.
12:05 of 3rd period - Shot Misses the Net.
12:15 of 3rd period - Ryan Ellis is hit by Alexander Killorn and loses puck.
13:17 of 3rd period - Off-side.
13:18 of 3rd period - Casey Cizikas wins face-off versus Nathan MacKinnon in neutral zone.
13:34 of 3rd period - Shot by Sebastian Aho.
13:34 of 3rd period - Shot Blocked by Ben Hutton.
13:36 of 3rd period - Shot by Ryan Suter.
13:36 of 3rd period - Shot Misses the Net.
13:40 of 3rd period - Shot by Nathan MacKinnon.
13:40 of 3rd period - Shot Misses the Net.
13:42 of 3rd period - Shot by Phil Kessel.
13:42 of 3rd period - Stopped by Steve Mason without a rebound.
13:43 of 3rd period - Clayton Keller wins face-off versus Dylan Strome in Flyers zone.
13:44 of 3rd period - Shot by Vladimir Tarasenko.
13:44 of 3rd period - Shot Misses the Net.
14:13 of 3rd period - Icing by Adrian Kempe.
14:14 of 3rd period - Nico Hischier wins face-off versus Clayton Keller in Penguins zone.
14:17 of 3rd period - Shot by Calle Jarnkrok.
14:17 of 3rd period - Stopped by Connor Hellebuyck without a rebound.
14:18 of 3rd period - Evgeni Malkin wins face-off versus Nico Hischier in Penguins zone.
14:34 of 3rd period - Icing by Olli Maatta.
14:35 of 3rd period - Evgeni Malkin wins face-off versus Mathew Barzal in Penguins zone.
14:35 of 3rd period - Evgeni Malkin is hit by Thomas Vanek.
15:06 of 3rd period - Thomas Vanek is hit by Olli Maatta and loses puck.
15:22 of 3rd period - Off-side.
15:23 of 3rd period - Nico Hischier wins face-off versus Nathan MacKinnon in neutral zone.
15:34 of 3rd period - Shot by Nathan MacKinnon.
15:34 of 3rd period - Stopped by Steve Mason without a rebound.
15:35 of 3rd period - Dylan Strome wins face-off versus Tim Schaller in Flyers zone.
17:36 of 3rd period - Alexander Killorn is hit by Ryan Ellis and loses puck.
17:42 of 3rd period - Off-side.
17:43 of 3rd period - Evgeni Malkin wins face-off versus Casey Cizikas in neutral zone.
18:06 of 3rd period - Casey Cizikas is hit by David Perron and loses puck.
18:13 of 3rd period - Shot by Evgeni Malkin.
18:13 of 3rd period - Deflect By Nikita Kucherov.
18:13 of 3rd period - Stopped by Steve Mason with a rebound.
18:15 of 3rd period - Shot by David Perron.
18:15 of 3rd period - Stopped by Steve Mason without a rebound.
18:16 of 3rd period - Mathew Barzal wins face-off versus Clayton Keller in Flyers zone.
18:16 of 3rd period - Mathew Barzal is hit by Adrian Kempe.
18:39 of 3rd period - Shot by Clayton Keller.
18:39 of 3rd period - Shot Misses the Net.
18:52 of 3rd period - Mathew Barzal is hit by Mark Giordano and loses puck.
19:26 of 3rd period - Icing by Nikita Kucherov.
19:27 of 3rd period - David Perron wins face-off versus Calle Jarnkrok in Penguins zone.
19:34 of 3rd period - Flyers, Steve Mason is pulled from the net.
Goals for this period are 0 for Flyers vs 0 for Penguins.
Shots for this period are 13 for Flyers vs 5 for Penguins.